 Dungeon Crawl Stone Soup version 0.21.0-3-g78d12a8 (webtiles) character file.

144 theanonym the Chopper (level 5, -3/63 HPs)
             Began as a Human Abyssal Knight on Jan 8, 2018.
             Was a Believer of Lugonu.
             Killed by divine providence
             ... invoked by an orc priest
              (13 damage)
             ... on level 3 of the Dungeon.
             The game lasted 00:06:14 (2591 turns).

theanonym the Chopper (Human Abyssal Knight)        Turns: 2591, Time: 00:06:14

Health: -3/63      AC: 22    Str: 12 (13) XL:     5   Next: 52%
Magic:  6/6        EV:  2    Int: 12 (13) God:    Lugonu [**....]
Gold:   95         SH:  0    Dex: 11 (12) Spells: 4/4 levels left

rFire    + + .     SeeInvis .   a - +1 hand axe
rCold    + . .     Gourm    .   (no shield)
rNeg     + + +     Faith    .   (armour currently unavailable)
rPois    +         Spirit   .   (helmet currently unavailable)
rElec    +         Reflect  .   (cloak currently unavailable)
rCorr    +         Harm     .   (gloves currently unavailable)
MR       .....     NoTele   +   (boots currently unavailable)
Stlth    +.........             (no amulet)
HPRegen  0.20/turn              o - ring of protection from fire {rF+}
MPRegen  0.10/turn              s - ring of poison resistance {rPoisrPois}

@: tree-form, resistant
A: MP-powered wands
a: Depart the Abyss, Bend Space, Renounce Religion


Innate Abilities, Weirdness & Mutations

((You have large cloven feet.))
((Your system is resistant to poisons. (rPois)))
You expend magic power (3 MP) to strengthen your wands.


   Skills:
 + Level 4.1 Fighting
 * Level 4.4 Axes
 - Level 2.0 Armour
 - Level 1.0 Dodging
 - Level 2.0 Invocations


You had 4 spell levels left.
You didn't know any spells.

Skill      XL: |  1  2  3  4  5 |
---------------+----------------+-----
Axes           | 3 4 |  4.4
Fighting       | 4 |  4.1
Armour         | |  2.0
Dodging        | |  1.0
Invocations    | |  2.0

Action                   |  1- 3 |  4- 6 || total
-------------------------+-------+-------++-------
Melee: Hand axe          |   106 |   120 ||   226
 Fire: Hunting sling     |       |     7 ||     7
Invok: Depart the Abyss  |     1 |       ||     1
  Use: Scroll            |     1 |     1 ||     2
       Potion            |       |     4 ||     4
  Eat: Chunk             |     1 |     2 ||     3
       Ration            |       |     1 ||     1
Armor: Ring mail         |    37 |       ||    37
       Scale mail        |       |    56 ||    56
       Skin              |       |     9 ||     9
Dodge: Dodged            |    52 |    52 ||   104

Inventory:

Hand Weapons
 a - a +1 hand axe (weapon)
 b - a +0 hunting sling
   (You took it off a goblin on level 2 of the Dungeon)
Missiles
 n - 22 stones (quivered)
 p - a throwing net
Armour
 c - a +0 ring mail {7}
   (You found it on level 1 of the Dungeon)
 i - a +0 scale mail of fire resistance (melded) {10}
   (You took it off Terence on level 2 of the Dungeon)
 m - a +0 leather armour {4}
Jewellery
 o - a ring of protection from fire (left branch) {rF+}
   (You found it on level 2 of the Dungeon)
 s - a ring of poison resistance (right branch) {rPoisrPois}
   (You found it on level 2 of the Dungeon)
Wands
 u - a wand of paralysis (4)
   (You took it off Ijyb on level 2 of the Dungeon)
Scrolls
 f - a scroll of blinking {unknown}
 h - a scroll of enchant armour {unknown}
 j - 2 scrolls of remove curse
 k - 2 scrolls of amnesia {unknown}
 l - 4 scrolls of identify {unknown}
 r - a scroll of teleportation {unknown}
 y - 2 scrolls of magic mapping
Potions
 g - a potion of degeneration
Comestibles
 e - 5 rations


You were on level 3 of the Dungeon.
You worshipped Lugonu.
Lugonu was pleased with you.
You were not hungry.
You were a tree.
You visited 1 branch of the dungeon, and saw 3 of its levels.
You visited the Abyss 1 time.

You collected 95 gold pieces.

Dungeon Overview and Level Annotations

Branches:
Dungeon (3/15)

Altars:
Dithmenos

..)#####.......#########.#
....#.........## #
............### ###
[....o........# #..
.l.......(.##......#####
...........(#####.......
.....[........###.......
.............(..........
...............o♣.......
..............).#.......
.......!..!...).########
.............#
............(#
.#####........# #........#
#.......(.. #.#.....##..


You could see an orc priest.

Notes
Turn   | Place    | Note
-------+----------+-------------------------------------------
     0 | Abyss:1  | theanonym the Human Abyssal Knight began the quest for the Orb.
     0 | Abyss:1  | Reached XP level 1. HP: 18/18 MP: 2/2
    57 | Abyss:1  | Noticed a hungry ghost
    87 | Abyss:1  | Found a hazy altar of Hepliaklqana.
   143 | Abyss:1  | Noticed a tentacled starspawn
   144 | D:1      | Escaped the Abyss
   406 | D:1      | Reached XP level 2. HP: 23/24 MP: 3/3
   413 | D:1      | Reached * piety under Lugonu
   895 | D:1      | Reached XP level 3. HP: 26/29 MP: 4/4
   904 | D:1      | Reached skill level 3 in Axes
  1217 | D:2      | Reached ** piety under Lugonu
  1273 | D:2      | Noticed Terence
  1288 | D:2      | Killed Terence
  1288 | D:2      | Reached XP level 4. HP: 21/37 MP: 5/5
  1677 | D:2      | Reached skill level 4 in Axes
  1960 | D:2      | Found a shadowy altar of Dithmenos.
  2047 | D:3      | Noticed Ijyb
  2121 | D:3      | Reached XP level 5. HP: 42/42 MP: 6/6
  2434 | D:2      | Paralysed by Ijyb for 3 turns
  2452 | D:2      | Paralysed by Ijyb for 2 turns
  2458 | D:2      | Killed Ijyb
  2458 | D:2      | Reached skill level 4 in Fighting
  2579 | D:3      | HP: 18/42 [orc priest/divine providence (12)]
  2580 | D:3      | HP: 7/42 [orc priest/divine providence (11)]
  2583 | D:3      | Gained mutation: You have large cloven feet. [potion of mutation]
  2583 | D:3      | Gained mutation: You expend magic power (3 MP) to strengthen your wands. [potion of mutation]
  2583 | D:3      | Gained mutation: Your system is resistant to poisons. (rPois) [potion of mutation]
  2590 | D:3      | HP: 10/63 [orc priest (1)]
  2591 | D:3      | Killed from afar by an orc priest

Vanquished Creatures
  Ijyb (D:2)
  Terence (D:2)
  2 adders
  A worm (D:2)
  3 leopard geckos
  2 orcs
  A ball python (D:1)
  4 giant cockroaches
  7 goblins
  8 hobgoblins
  2 jackals
  3 quokkas (D:2)
  6 bats
  6 frilled lizards
  11 kobolds
  11 rats
69 creatures vanquished.

Table legend:
 A = Turns spent in this place as a percentage of turns spent in the entire game.
 B = Non-inter-level travel turns spent in this place as a percentage of non-inter-level travel turns spent in the entire game.
 C = Inter-level travel turns spent in this place as a percentage of turns spent in this place.
 D = Turns resting spent in this place as a percentage of non-inter-level travel turns spent in this place.
 E = Turns spent auto-exploring this place as a percentage of non-inter-level travel turns spent in this place.
 F = Non-inter-level travel turns spent in this place divided by the number of levels of this place that you've seen.
                   A       B       C       D       E      F
               +-------+-------+-------+-------+-------+----------------------
         Total | 100.0 | 100.0 |   4.5 |  32.3 |  46.2 | 618.5
       Dungeon |  94.4 |  94.2 |   4.8 |  34.3 |  43.9 | 776.7
         Abyss |   5.6 |   5.8 |   0.0 |   0.0 |  84.7 | 144.0
               +-------+-------+-------+-------+-------+----------------------
